 Dungeon Crawl Stone Soup version 0.20.1-1-g8b1a95d (webtiles) character file.

245 Knicklaso the Ruffian (level 5, 0/50 HPs)
             Began as a Troll Monk on July 19, 2017.
             Slain by a gnoll (2 damage)
             ... on level 3 of the Dungeon.
             The game lasted 00:04:00 (1358 turns).

Knicklaso the Ruffian (Troll Monk)                  Turns: 1358, Time: 00:04:01

Health: 0/50       AC:  5    Str: 20    XL:     5   Next: 84%
Magic:  4/4        EV: 10    Int:  6    God:
Gold:   57         SH:  0    Dex: 12    Spells: 4/4 levels left

rFire    . . .     SeeInvis .     - Unarmed
rCold    . . .     Gourm    +   (no shield)
rNeg     . . .     Faith    .   a - +0 robe
rPois    .         Spirit   .   (helmet restricted)
rElec    .         Reflect  .   (no cloak)
rCorr    .         Harm     .   (gloves unavailable)
MR       .....                  (boots unavailable)
Stlth    ++........             (no amulet)
Regen    0.6/turn               (no ring)
MPRegen  0.1/turn               (no ring)

@: no status effects
A: unfitting armour, claws 3, fast metabolism 3, gourmand, regeneration 1,
shaggy fur 1, tough skin 2
a: no special abilities


You were on level 3 of the Dungeon.
You were completely stuffed.

You visited 1 branch of the dungeon, and saw 3 of its levels.

You collected 57 gold pieces.

Inventory:

Armour
 a - a +0 robe (worn)
Jewellery
 e - a cursed ring of loudness {unknown}
 p - an uncursed ring of resist corrosion {unknown}
Wands
 r - a wand of polymorph (9/24)
Scrolls
 c - a scroll of enchant armour {unknown}
 f - 2 scrolls of identify {unknown}
 g - 2 scrolls of blinking {unknown}
 m - 3 scrolls of teleportation {unknown}
Potions
 h - a potion of flight {unknown}
 i - a potion of brilliance {unknown}
 k - a potion of agility {unknown}
 l - a potion of degeneration {unknown}
 n - a potion of curing {unknown}
Comestibles
 b - 2 bread rations
 d - 2 royal jellies
 j - 3 fruits
 o - 6 chunks of flesh
 q - a meat ration


   Skills:
 - Level 2.4 Fighting
 - Level 2.4 Dodging
 - Level 1.0 Stealth
 + Level 6.6 Unarmed Combat


You had 4 spell levels left.
You didn't know any spells.

Dungeon Overview and Level Annotations

Branches:
Dungeon (3/15)

Altars:


Innate Abilities, Weirdness & Mutations

You are too large for most types of armour.
You have claws for hands.
Your metabolism is lightning-fast.
You like to eat raw meat.
Your natural rate of healing is unusually fast.
You are covered in fur. (AC +1)
You have very tough skin. (AC +2)


Message History

You struggle against the net.
The gnoll hits you from afar with a spear!
The gnoll hits you with a whip!
You struggle against the net.
The gnoll completely misses you. The gnoll hits you with a whip.
* * * LOW HITPOINT WARNING * * *
You rip the net and break free!
The gnoll closely misses you. x2
You claw the gnoll!
The gnoll is almost dead.
The gnoll hits you from afar with a spear!
* * * LOW HITPOINT WARNING * * *
You claw the gnoll!
You kill the gnoll!
The gnoll barely misses you.
You closely miss the gnoll. The gnoll hits you with a spear!
* * * LOW HITPOINT WARNING * * *
You scratch the gnoll.
The gnoll is heavily wounded.
The gnoll hits you.
You die...

######## #g..)..#
#@####...# #g.###
#.... # ##...##
### .. ###..# #.
##.# ## #.#
#######. #.#
#.......
#.#####.##....
####..........###


You could see 2 gnolls.

Vanquished Creatures
  2 orc priests (D:3)
  Natasha (twice) (D:2)
  A worker ant zombie (D:3)
  A gnoll (D:3)
  6 adders
  2 worms
  A dart slug (D:2)
  2 leopard geckos
  5 orcs (D:3)
  3 ball pythons
  7 bats
  3 giant cockroaches
  6 goblins
  4 hobgoblins
  A quokka (D:3)
  3 frilled lizards
  6 kobolds
  3 rats
58 creatures vanquished.

Notes
Turn   | Place    | Note
-------+----------+-------------------------------------------
     0 | D:1      | Knicklaso the Troll Monk began the quest for the Orb.
     0 | D:1      | Reached XP level 1. HP: 22/22 MP: 0/0
   188 | D:1      | Reached XP level 2. HP: 29/29 MP: 1/1
   733 | D:2      | Reached skill level 4 in Unarmed Combat
   743 | D:2      | Reached XP level 3. HP: 35/36 MP: 2/2
   826 | D:2      | Noticed Natasha
   834 | D:2      | Killed Natasha
   876 | D:2      | Noticed Natasha
   888 | D:2      | Killed Natasha
   888 | D:2      | Reached skill level 5 in Unarmed Combat
   888 | D:2      | Reached XP level 4. HP: 12/44 MP: 3/3
  1191 | D:3      | Reached XP level 5. HP: 42/50 MP: 4/4
  1193 | D:3      | Reached skill level 6 in Unarmed Combat
  1356 | D:3      | HP: 1/50 [gnoll/spear (8)]
  1358 | D:3      | Slain by a gnoll

Skill      XL: |  1  2  3  4  5 |
---------------+----------------+-----
Unarmed Combat | 4 5 6 |  6.6
Fighting       | |  2.4
Dodging        | |  2.4
Stealth        | |  1.0

Action                   |  1- 3 |  4- 6 || total
-------------------------+-------+-------++-------
Melee: Unarmed           |    78 |    72 ||   150
 Stab: Sleeping          |     2 |     1 ||     3
  Eat: Chunk             |    10 |     8 ||    18
Armor: Robe              |    22 |    21 ||    43
Dodge: Dodged            |    38 |    41 ||    79
